TOP OF THE 1ST |
State College Spikes batting - Pitching for Beaverton Bronze Souls : RHP Ramón Marerro
|
Pitching: RHP Ramón Marerro
|
|
Batting: SHB Greg Butterfield
|
0-0: Called Strike 0-1: Foul Ball, location: 2F 0-2: Ball 1-2: Ball 2-2: Strikes out swinging
|
Batting: RHB Blair Whitehead
|
0-0: Ball 1-0: Ball 2-0: SINGLE (Groundball, 3D)
|
Batting: RHB Matt Tucker
|
0-0: Called Strike 0-1: Ball 1-1: Ball 2-1: Foul Ball, location: 2F 2-2: Ball 3-2: Base on Balls Blair Whitehead to second
|
Batting: RHB Mike Ingram
|
0-0: Called Strike 0-1: Ball 1-1: Swinging Strike 1-2: Foul Ball, location: 2F 1-2: Strikes out swinging
|
Batting: RHB Eric Knight
|
0-0: Called Strike 0-1: Ball 1-1: Ball 2-1: Swinging Strike 2-2: Strikes out swinging
|
Top of the 1st over - 0 run(s), 1 hit(s), 0 error(s), 2 left on base; State College 0 - Beaverton 0 |
BOTTOM OF THE 1ST |
Beaverton Bronze Souls batting - Pitching for State College Spikes : RHP Francisco Álvarez
|
Pitching: RHP Francisco Álvarez
|
|
Batting: LHB Joel Nelson
|
0-0: Foul Ball, location: 2F 0-1: Ball 1-1: Ball 2-1: Fly out, F6 (Line Drive, 6M)
|
Batting: LHB Luis Aragón
|
0-0: Ball 1-0: Ball 2-0: Ball 3-0: Base on Balls
|
Batting: RHB José Fernández
|
0-0: Foul Ball, location: 2F 0-1: Called Strike 0-2: Strikes out swinging
|
Batting: RHB David Kerr
|
0-0: Called Strike 0-1: SINGLE (Groundball, 6MD) Luis Aragón to second Runner from 2nd tries for 3rd, SAFE, throw made to third
|
Batting: RHB Carlos Guevara
|
0-0: Fielders Choice at 2nd, 5-4 (Groundball, 56)
|
Bottom of the 1st over - 0 run(s), 1 hit(s), 0 error(s), 1 left on base; State College 0 - Beaverton 0 |
TOP OF THE 2ND |
State College Spikes batting - Pitching for Beaverton Bronze Souls : RHP Ramón Marerro
|
Batting: SHB Thomas Simmons
|
0-0: Called Strike 0-1: Called Strike 0-2: Ball 1-2: Strikes out swinging
|
Batting: RHB Joaquín Vásquez
|
0-0: Foul Ball, location: 2F 0-1: TRIPLE (Line Drive, 8RM)
|
Batting: RHB Alonzo Herrera
|
0-0: Called Strike 0-1: Foul Ball, location: 2F 0-2: Ball 1-2: Ball 2-2: Strikes out looking
|
Batting: RHB Diego Benítez
|
0-0: Called Strike 0-1: Ball 1-1: Fly out, F9 (Flyball, 9D)
|
Top of the 2nd over - 0 run(s), 1 hit(s), 0 error(s), 1 left on base; State College 0 - Beaverton 0 |
BOTTOM OF THE 2ND |
Beaverton Bronze Souls batting - Pitching for State College Spikes : RHP Francisco Álvarez
|
Batting: SHB Dawson Fowler
|
0-0: Ball 1-0: Ball 2-0: SINGLE (Groundball, 34D)
|
Batting: RHB José Dávila
|
0-0: Ball 1-0: Ball 2-0: Foul Ball, location: 2F 2-1: Foul Ball, location: 2F 2-2: Ball 3-2: Base on Balls Dawson Fowler to second
|
Batting: RHB Joe Brinkman
|
0-0: Swinging Strike 0-1: Foul Ball, location: 2F 0-2: Ball 1-2: Strikes out looking
|
Batting: RHB Juan Becerra
|
0-0: Foul Ball, location: 2F 0-1: Ball 1-1: Ball 2-1: Grounds into double play, 5-4-3 (Groundball, 5)
|
Bottom of the 2nd over - 0 run(s), 1 hit(s), 0 error(s), 1 left on base; State College 0 - Beaverton 0 |
TOP OF THE 3RD |
State College Spikes batting - Pitching for Beaverton Bronze Souls : RHP Ramón Marerro
|
Batting: SHB Greg Butterfield
|
0-0: Called Strike 0-1: Ball 1-1: Ball 2-1: Foul Ball, location: 2F 2-2: Strikes out looking
|
Batting: RHB Blair Whitehead
|
0-0: Ball 1-0: Ground out 6-3 (Groundball, 6MS)
|
Batting: RHB Matt Tucker
|
0-0: Foul Ball, location: 2F 0-1: Called Strike 0-2: Strikes out swinging
|
Top of the 3rd over - 0 run(s), 0 hit(s), 0 error(s), 0 left on base; State College 0 - Beaverton 0 |
BOTTOM OF THE 3RD |
Beaverton Bronze Souls batting - Pitching for State College Spikes : RHP Francisco Álvarez
|
Batting: LHB Joel Nelson
|
0-0: Ball 1-0: Swinging Strike 1-1: Called Strike 1-2: Foul Ball, location: 2F 1-2: Foul Ball, location: 2F 1-2: Ball 2-2: Strikes out swinging
|
Batting: LHB Luis Aragón
|
0-0: Reached on error, E4 (Groundball, 4)
|
Batting: RHB José Fernández
|
0-0: Swinging Strike 0-1: SINGLE (Line Drive, 56) Luis Aragón to second
|
Batting: RHB David Kerr
|
0-0: Ball 1-0: Called Strike 1-1: Ball 2-1: Foul Ball, location: 2F 2-2: Fly out, F8 (Flyball, 8LM)
|
Batting: RHB Carlos Guevara
|
0-0: Called Strike 0-1: Swinging Strike 0-2: Fly out, F4 (Popup, 4D)
|
Bottom of the 3rd over - 0 run(s), 1 hit(s), 1 error(s), 2 left on base; State College 0 - Beaverton 0 |
TOP OF THE 4TH |
State College Spikes batting - Pitching for Beaverton Bronze Souls : RHP Ramón Marerro
|
Batting: RHB Mike Ingram
|
0-0: Ball 1-0: Foul Ball, location: 2F 1-1: Ball 2-1: Ball 3-1: TRIPLE (Flyball, 8LXD)
|
Batting: RHB Eric Knight
|
0-0: Ball 1-0: Fly out, F4 (Popup, 4MD)
|
Batting: SHB Thomas Simmons
|
0-0: Called Strike 0-1: SINGLE (Groundball, 34D) Mike Ingram scores
|
Batting: RHB Joaquín Vásquez
|
0-0: Ball 1-0: Called Strike 1-1: 2-RUN HOME RUN (Flyball, 9D) (Inside the Park)
|
Batting: RHB Alonzo Herrera
|
0-0: Fly out, F8 (Flyball, 8RM)
|
Batting: RHB Diego Benítez
|
0-0: Called Strike 0-1: Ball 1-1: Called Strike 1-2: Strikes out swinging
|
Top of the 4th over - 3 run(s), 3 hit(s), 0 error(s), 0 left on base; State College 3 - Beaverton 0 |
BOTTOM OF THE 4TH |
Beaverton Bronze Souls batting - Pitching for State College Spikes : RHP Francisco Álvarez
|
Batting: SHB Dawson Fowler
|
0-0: Ball 1-0: Foul Ball, location: 2F 1-1: Foul Ball, location: 2F 1-2: Ball 2-2: Strikes out swinging
|
Batting: RHB José Dávila
|
0-0: Ball 1-0: Foul Ball, location: 2F 1-1: Called Strike 1-2: Ball 2-2: Foul Ball, location: 2F 2-2: Ground out 4-3 (Groundball, 4D)
|
Batting: RHB Joe Brinkman
|
0-0: Called Strike 0-1: Called Strike 0-2: Foul Ball, location: 2F 0-2: Strikes out swinging
|
Bottom of the 4th over - 0 run(s), 0 hit(s), 0 error(s), 0 left on base; State College 3 - Beaverton 0 |
TOP OF THE 5TH |
State College Spikes batting - Pitching for Beaverton Bronze Souls : RHP Ramón Marerro
|
Batting: SHB Greg Butterfield
|
0-0: Swinging Strike 0-1: Called Strike 0-2: Ball 1-2: Ball 2-2: Ground out U3 (Groundball, 34)
|
Batting: RHB Blair Whitehead
|
0-0: Called Strike 0-1: Called Strike 0-2: Ball 1-2: SOLO HOME RUN (Flyball, 7D), Distance : 361 ft
|
Batting: RHB Matt Tucker
|
0-0: Ball 1-0: Foul Ball, location: 2F 1-1: Ball 2-1: Ground out 6-3 (Groundball, 6)
|
Batting: RHB Mike Ingram
|
0-0: Ball 1-0: Ball 2-0: SINGLE (Line Drive, 34D)
|
Pitching: RHP Arturo García
|
|
Batting: RHB Eric Knight
|
0-0: Ball 1-0: Ball 2-0: Swinging Strike 2-1: Foul Ball, location: 2F 2-2: SINGLE (Line Drive, 89M) Mike Ingram to second
|
Batting: SHB Thomas Simmons
|
0-0: Ball 1-0: Foul Ball, location: 2F 1-1: Ball 2-1: Ball 3-1: Fly out, F7 (Flyball, 78M)
|
Top of the 5th over - 1 run(s), 3 hit(s), 0 error(s), 2 left on base; State College 4 - Beaverton 0 |
BOTTOM OF THE 5TH |
Beaverton Bronze Souls batting - Pitching for State College Spikes : RHP Francisco Álvarez
|
Batting: RHB Juan Becerra
|
0-0: Ball 1-0: Ball 2-0: Ball 3-0: Base on Balls
|
Batting: LHB Joel Nelson
|
0-0: Called Strike Juan Becerra steals 2nd base 0-1: Ball 1-1: Swinging Strike 1-2: Ground out 4-3 (Groundball, 4) Juan Becerra to third
|
Batting: LHB Luis Aragón
|
0-0: Fly out, F2 (Popup, 2L)
|
Batting: RHB José Fernández
|
0-0: Foul Ball, location: 2F 0-1: Swinging Strike 0-2: Ball 1-2: Ball Wild Pitch! Juan Becerra scores 2-2: Strikes out looking
|
Bottom of the 5th over - 1 run(s), 0 hit(s), 0 error(s), 0 left on base; State College 4 - Beaverton 1 |
TOP OF THE 6TH |
State College Spikes batting - Pitching for Beaverton Bronze Souls : RHP Arturo García
|
Batting: RHB Joaquín Vásquez
|
0-0: Ball 1-0: Swinging Strike 1-1: Swinging Strike 1-2: Foul Ball, location: 2F 1-2: Foul Ball, location: 2F 1-2: Hit by Pitch
|
Batting: RHB Alonzo Herrera
|
0-0: Foul Ball, location: 2F 0-1: Foul Ball, location: 2F 0-2: Foul Ball, location: 2F 0-2: Foul Ball, location: 2F 0-2: Ball 1-2: Ball 2-2: Strikes out swinging Joaquín Vásquez steals 2nd base Batter strikes out.
|
Batting: RHB Diego Benítez
|
0-0: Ball 1-0: Foul Ball, location: 2F 1-1: Ground out 3-1 (Groundball, 34S) Joaquín Vásquez to third
|
Batting: SHB Greg Butterfield
|
0-0: Ball 1-0: Called Strike 1-1: Ball 2-1: Ball 3-1: Base on Balls
|
Batting: RHB Blair Whitehead
|
0-0: Called Strike 0-1: Ball 1-1: Foul Ball, location: 2F 1-2: Ball 2-2: Strikes out swinging
|
Top of the 6th over - 0 run(s), 0 hit(s), 0 error(s), 2 left on base; State College 4 - Beaverton 1 |
BOTTOM OF THE 6TH |
Beaverton Bronze Souls batting - Pitching for State College Spikes : RHP Francisco Álvarez
|
Batting: RHB David Kerr
|
0-0: Foul Ball, location: 2F 0-1: SINGLE (Groundball, 4MD)
|
Batting: RHB Carlos Guevara
|
0-0: Ball 1-0: Called Strike 1-1: Fly out, F7 (Flyball, 7S)
|
Batting: SHB Dawson Fowler
|
0-0: Ball 1-0: Fly out, F7 (Flyball, 7LMF)
|
Pitching: RHP Bryan Glover
|
|
Batting: RHB José Dávila
|
0-0: Ball 1-0: Ball 2-0: Called Strike 2-1: Ball 3-1: Base on Balls David Kerr to second
|
Batting: RHB Joe Brinkman
|
0-0: Ball 1-0: Fly out, F8 (Flyball, 78D)
|
Bottom of the 6th over - 0 run(s), 1 hit(s), 0 error(s), 2 left on base; State College 4 - Beaverton 1 |
TOP OF THE 7TH |
State College Spikes batting - Pitching for Beaverton Bronze Souls : RHP Arturo García
|
Batting: RHB Matt Tucker
|
0-0: Called Strike 0-1: Ball 1-1: TRIPLE (Line Drive, 89S)
|
Batting: RHB Mike Ingram
|
0-0: 2-RUN HOME RUN (Flyball, 7D), Distance : 375 ft
|
Pitching: RHP Joe Bailey
|
|
Batting: RHB Eric Knight
|
0-0: Foul Ball, location: 2F 0-1: Foul Ball, location: 2F 0-2: Strikes out swinging
|
Batting: SHB Thomas Simmons
|
0-0: DOUBLE (Flyball, 8LXD)
|
Batting: RHB Joaquín Vásquez
|
0-0: Called Strike 0-1: Ball 1-1: Ball 2-1: DOUBLE (Line Drive, 7D) Thomas Simmons scores
|
Batting: RHB Alonzo Herrera
|
0-0: Ball 1-0: Foul Ball, location: 2F 1-1: Ball 2-1: SINGLE (Line Drive, 56) Joaquín Vásquez to third Runner from 3rd tries for Home, throw and OUT! Alonzo Herrera to second
|
Batting: RHB Diego Benítez
|
0-0: Ball 1-0: Swinging Strike 1-1: SINGLE (Groundball, 56D) Alonzo Herrera to third Runner from 3rd tries for Home, SAFE, no throw
|
Batting: SHB Greg Butterfield
|
0-0: Fly out, F7 (Flyball, 7S)
|
Top of the 7th over - 4 run(s), 6 hit(s), 0 error(s), 1 left on base; State College 8 - Beaverton 1 |
BOTTOM OF THE 7TH |
Beaverton Bronze Souls batting - Pitching for State College Spikes : RHP Bryan Glover
|
Batting: RHB Juan Becerra
|
0-0: Ball 1-0: Foul Ball, location: 2F 1-1: Foul Ball, location: 2F 1-2: Ground out 1-3 (Groundball, 13)
|
Batting: LHB Joel Nelson
|
0-0: Ball 1-0: Called Strike 1-1: Ball 2-1: Foul Ball, location: 2F 2-2: Ball 3-2: Strikes out swinging
|
Batting: LHB Luis Aragón
|
0-0: Called Strike 0-1: Called Strike 0-2: Strikes out swinging
|
Bottom of the 7th over - 0 run(s), 0 hit(s), 0 error(s), 0 left on base; State College 8 - Beaverton 1 |
TOP OF THE 8TH |
State College Spikes batting - Pitching for Beaverton Bronze Souls : RHP Joe Bailey
|
Batting: RHB Blair Whitehead
|
0-0: Ball 1-0: Foul Ball, location: 2F 1-1: Called Strike 1-2: Foul Ball, location: 2F 1-2: Hit by Pitch
|
Batting: RHB Matt Tucker
|
0-0: Ball 1-0: Ball 2-0: Ball 3-0: Base on Balls Blair Whitehead to second
|
Batting: RHB Mike Ingram
|
0-0: Called Strike 0-1: Foul Ball, location: 2F 0-2: Grounds into double play, 6-4-3 (Groundball, 6) Blair Whitehead to third
|
Batting: RHB Eric Knight
|
0-0: DOUBLE (Flyball, 8LXD) Blair Whitehead scores
|
Pitching: LHP Lorenzo Guzmán
|
|
Batting: SHB Thomas Simmons
|
0-0: SINGLE (Groundball, 34) (infield hit) Eric Knight to third
|
Batting: RHB Joaquín Vásquez
|
0-0: Swinging Strike 0-1: Ball Wild Pitch! Eric Knight scores Thomas Simmons to second 1-1: Foul Ball, location: 2F 1-2: Foul Ball, location: 2F 1-2: Foul Ball, location: 2F 1-2: Fly out, F8 (Flyball, 8RM)
|
Top of the 8th over - 2 run(s), 2 hit(s), 0 error(s), 1 left on base; State College 10 - Beaverton 1 |
BOTTOM OF THE 8TH |
Beaverton Bronze Souls batting - Pitching for State College Spikes : RHP Bryan Glover
|
Batting: RHB José Fernández
|
0-0: Swinging Strike 0-1: Ball 1-1: Foul Ball, location: 2F 1-2: Foul Ball, location: 2F 1-2: Strikes out looking
|
Batting: RHB David Kerr
|
0-0: Called Strike 0-1: Foul Ball, location: 2F 0-2: Strikes out looking
|
Batting: RHB Carlos Guevara
|
0-0: Fly out, F7 (Flyball, 78S)
|
Bottom of the 8th over - 0 run(s), 0 hit(s), 0 error(s), 0 left on base; State College 10 - Beaverton 1 |
TOP OF THE 9TH |
State College Spikes batting - Pitching for Beaverton Bronze Souls : LHP Lorenzo Guzmán
|
Batting: RHB Alonzo Herrera
|
0-0: Swinging Strike 0-1: Called Strike 0-2: Ball 1-2: Ball 2-2: Strikes out swinging
|
Batting: RHB Diego Benítez
|
0-0: Swinging Strike 0-1: SINGLE (Groundball, 6D)
|
Pinch Hitting: RHB Nick Harris
|
0-0: Called Strike 0-1: Foul Ball, location: 2F 0-2: Ball 1-2: Ball 2-2: Ball 3-2: Foul Ball, location: 2F 3-2: Foul Ball, location: 2F 3-2: Ground out 4-3 (Groundball, 4S) Diego Benítez to second
|
Batting: RHB Blair Whitehead
|
0-0: Ground out 1-3 (Groundball, P)
|
Top of the 9th over - 0 run(s), 1 hit(s), 0 error(s), 1 left on base; State College 10 - Beaverton 1 |
BOTTOM OF THE 9TH |
Beaverton Bronze Souls batting - Pitching for State College Spikes : RHP Bryan Glover
|
Now at SS: Vaughan Shelton
|
|
Batting: SHB Dawson Fowler
|
0-0: Ball 1-0: Ball 2-0: Called Strike 2-1: Foul Ball, location: 2F 2-2: Strikes out swinging
|
Batting: RHB José Dávila
|
0-0: Called Strike 0-1: Called Strike 0-2: Ball 1-2: Ball 2-2: Strikes out swinging
|
Pinch Hitting: RHB John Warren
|
0-0: Called Strike 0-1: Ball 1-1: Foul Ball, location: 2F 1-2: Strikes out swinging
|
Bottom of the 9th over - 0 run(s), 0 hit(s), 0 error(s), 0 left on base; State College 10 - Beaverton 1 |
|